AoeStats
← shminky

Arena

509067992Analyzed
1v1 RM · 7d ago on Sep 25, 2026· 37m 20s· 2 players
Game mode
Random Map
Map size
Tiny (2 player)
Population
200
Speed
Normal
Resources
Standard
Victory
Conquest
Starting age
Dark Age
Ending age
Imperial Age
RankedLock teamsTeams togetherTeam positionsShared explorationLock speedFull tech treeHidden civsTurbo modeCheats
Victory
Defeat
🇮🇳 Franks · India
868
+17
🇦🇺 Celts · Australia
881
-17
sirf93anurag
9:52 Loom
11:57 Feudal Age
17:46 Castle Age
16:26 Double-Bit Axe
16:35 Gold Mining
17:29 Stone Mining
20:44 Gold Shaft Mining
21:53 Bow Saw
24:26 Wheelbarrow
25:44 Husbandry
26:51 Scale Barding Armor
26:57 Forging
32:12 Imperial Age
30:24 Scale Mail Armor
31:47 Chain Mail Armor
33:20 Iron Casting
34:12 Plate Mail Armor
37:01 Blast Furnace
37:21 Conscription
shminky
8:30 Loom
10:16 Feudal Age
13:47 Man-at-Arms
17:59 Stone Mining
20:46 Castle Age
20:01 Gold Mining
20:00 Double-Bit Axe
19:58 Horse Collar
21:06 Forging
21:55 Pikeman
23:35 Gambesons
27:54 Iron Casting
28:53 Scale Mail Armor
30:08 Stronghold
35:51 Masonry
36:02 Ballistics
35:38 Murder Holes
Connection lost

Rejoining the realm…

Still unreachable

The connection could not be restored.

Session expired

The server has moved on; the page needs a fresh start.